AoeStats
← Outlaw

Black Forest

508267895Analyzed
2v2 RM · 12d ago on Sep 21, 2026· 61m 16s· 4 players
Game mode
Random Map
Map size
Medium (4 player)
Population
200
Speed
Normal
Resources
Standard
Victory
Conquest
Starting age
Dark Age
Ending age
Imperial Age
RankedLock teamsTeams togetherTeam positionsShared explorationLock speedFull tech treeHidden civsTurbo modeCheats
Victory
Defeat
🇹🇷 Turks · Türkiye
633
+17
🇹🇷 Franks · Türkiye
613
+17
🇿🇦 Bohemians · South Africa
654
-17
🇿🇦 Sicilians · South Africa
636
-17
RoosTer
2:05 Loom
13:48 Feudal Age
14:28 Horse Collar
14:37 Double-Bit Axe
15:33 Wheelbarrow
16:12 Gold Mining
19:32 Scale Mail Armor
19:42 Forging
20:45 Stone Mining
20:23 Man-at-Arms
21:48 Arson
25:32 Bloodlines
26:08 Scale Barding Armor
31:58 Castle Age
32:30 Padded Archer Armor
32:21 Fletching
33:39 Husbandry
36:03 Bow Saw
35:55 Heavy Plow
38:11 Iron Casting
37:52 Leather Archer Armor
37:33 Bodkin Arrow
38:56 Thumb Ring
40:06 Chain Barding Armor
41:45 Ballistics
44:16 Imperial Age
42:03 Hand Cart
43:42 Chain Mail Armor
44:22 Caravan
45:07 Gold Shaft Mining
45:41 Artillery
46:56 Blast Furnace
47:38 Two-Man Saw
48:40 Elite Janissary
50:46 Conscription
xXx
0:27 Loom
13:25 Feudal Age
14:09 Double-Bit Axe
24:26 Castle Age
22:52 Gold Mining
22:55 Stone Mining
24:11 Scale Barding Armor
24:18 Forging
26:58 Gold Shaft Mining
26:40 Bow Saw
27:10 Iron Casting
27:01 Light Cavalry
37:31 Husbandry
38:42 Chain Barding Armor
45:56 Pikeman
46:37 Squires
46:22 Arson
50:53 Imperial Age
57:59 Cavalier
59:39 Halberdier
60:48 Scale Mail Armor
Outlaw
3:32 Loom
13:58 Feudal Age
14:27 Horse Collar
18:13 Double-Bit Axe
18:40 Gold Mining
23:03 Castle Age
21:51 Forging
21:42 Scale Mail Armor
24:29 Stone Mining
26:05 Heavy Plow
27:24 Man-at-Arms
30:16 Iron Casting
30:38 Gambesons
30:53 Squires
37:21 Wheelbarrow
38:09 Chain Mail Armor
39:27 Gold Shaft Mining
41:01 Hand Cart
41:34 First Crusade
41:50 Padded Archer Armor
41:40 Fletching
46:50 Imperial Age
44:57 Elite Skirmisher
46:23 Bodkin Arrow
46:44 Leather Archer Armor
49:22 Onager
50:37 Bracer
50:45 Arson
51:24 Conscription
50:27 Elite Serjeant
51:45 Husbandry
51:58 Bloodlines
51:12 Cavalier
57:27 Siege Onager
59:26 Scale Barding Armor
61:05 Chain Barding Armor
61:47 Blast Furnace
60:42 Heavy Scorpion
Dkiller8653
10:56 Feudal Age
11:49 Double-Bit Axe
14:17 Wheelbarrow
13:43 Man-at-Arms
17:37 Horse Collar
22:19 Castle Age
23:59 Bow Saw
23:44 Elite Skirmisher
26:09 Heavy Plow
29:35 Husbandry
34:55 Hand Cart
36:21 Padded Archer Armor
41:47 Imperial Age
39:43 Fletching
39:55 Scale Mail Armor
41:43 Bodkin Arrow
43:25 Leather Archer Armor
46:21 Chemistry
45:42 Ballistics
45:14 Guard Tower
45:30 Siphons
47:50 Two-Man Saw
50:19 Chain Mail Armor
50:10 Scale Barding Armor
49:29 Long Swordsman
53:19 Bracer
52:45 Pikeman
55:20 Squires
Connection lost

Rejoining the realm…

Still unreachable

The connection could not be restored.

Session expired

The server has moved on; the page needs a fresh start.